 Dungeon Crawl Stone Soup version 0.27-a0-1312-g5cdb2b3542 (webtiles) character file.

Game seed: 9149205170671546844

462 Conn the Firebug (level 7, -3/42 HPs)
             Began as an Octopode Fire Elementalist on June 19, 2021.
             Slain by a kobold brigand (8 damage)
             ... on level 4 of the Dungeon.
             The game lasted 00:09:07 (4050 turns).

Conn the Firebug (Octopode Fire Elementalist)       Turns: 4050, Time: 00:09:08

Health: -3/42      AC:  1    Str:  8    XL:     7   Next: 7%
Magic:  12/12      EV: 14    Int: 19    God:
Gold:   153        SH:  0    Dex: 18    Spells: 9/13 levels left

rFire    . . .     SeeInvis .   a - +3 dagger (freeze)
rCold    . . .     Faith    .   (no shield)
rNeg     . . .     Spirit   .   (helmet restricted)
rPois    .         Reflect  .   (no amulet)
rElec    .         Harm     .   b - +6 ring of dexterity
rCorr    .         Rampage  .   (no ring)
Will     .....                  (no ring)
Stlth    ++++......             (no ring)
HPRegen  0.14/turn              (no ring)
MPRegen  0.13/turn              (no ring)
                                (no ring)
                                (no ring)

@: lethally poisoned (-3 -> -9), on berserk cooldown, slowed, very slow
A: almost no armour, amphibious, 8 rings, camouflage 1, gelatinous body 1,
(nimble swimmer 1), tentacles
a: no special abilities


You were on level 4 of the Dungeon.
You visited 1 branch of the dungeon, and saw 4 of its levels.
You also visited: Sewer.

You collected 153 gold pieces.

Inventory:

Hand Weapons
 a - a +3 dagger of freezing (weapon)
Missiles
 h - 6 atropa-tipped darts (quivered)
 o - 4 silver javelins
 p - 23 poisoned darts
Jewellery
 b - a +6 ring of dexterity (left tentacle)
Scrolls
 d - 3 scrolls of identify
 e - a scroll of amnesia {unknown}
 i - a scroll of teleportation {unknown}
 j - a scroll of enchant weapon
 k - a scroll of enchant armour {unknown}
 l - a scroll of fear {unknown}
 m - a scroll of immolation {unknown}
 n - a scroll of magic mapping {unknown}
Potions
 f - 2 potions of flight
 g - a potion of attraction


   Skills:
 + Level 0.5 Fighting
 + Level 0.9 Short Blades
 + Level 2.7 Dodging
 + Level 3.6 Stealth
 * Level 3.8 Spellcasting
 * Level 3.4 Conjurations
 * Level 4.9 Fire Magic


You had 9 spell levels left.
You knew the following spells:

 Your Spells              Type           Power      Damage    Failure   Level
a - Foxfire               Conj/Fire      76%        2x1d7     2%          1
b - Conjure Flame         Conj/Fire      19%        6-21      8%          3

Your spell library contained the following spells:

 Spells                   Type           Power      Damage    Failure   Level
 Summon Small Mammal      Summ           12%        N/A       14%         1
 Inner Flame              Hex/Fire       13%        N/A       16%         3
 Call Imp                 Summ           3%         N/A       22%         2
 Sticky Flame             Conj/Fire      19%        2d4       26%         4
 Call Canine Familiar     Summ           3%         N/A       38%         3
 Summon Guardian Golem    Hex/Summ       3%         N/A       38%         3
 Fireball                 Conj/Fire      9%         3d6       56%         5
 Summon Ice Beast         Ice/Summ       3%         N/A       80%         4
 Summon Lightning Spire   Summ/Air       3%         N/A       80%         4


Dungeon Overview and Level Annotations

Branches:
Dungeon (4/15)              Sewer (visited)
 Temple: D:4-7

Altars:
Fedhas


Innate Abilities, Weirdness & Mutations

You cannot wear most types of armour.
You are amphibious.
You can wear up to eight rings at the same time.
Your skin changes colour to match your surroundings (Stealth+).
Your rubbery body absorbs attacks. (AC +1, EV +1)
((You are camouflaged near water. (Stealth+)))
You have tentacles for arms and can constrict up to eight enemies at once.


Message History

* * * LOW HITPOINT WARNING * * *
You are lethally poisoned!
Okay, then.
Okay, then.
* * * LOW HITPOINT WARNING * * *
You feel very sick.
You are confused.
You feel invigorated.
* * * LOW HITPOINT WARNING * * *
You feel very sick.
Unknown command.
It was a potion of berserk rage.
A red film seems to cover your vision as you go berserk!
You feel yourself moving faster!
You feel mighty!
* * * LOW HITPOINT WARNING * * *
You feel sick.
You feel a strong urge to attack something.
You feel sick.
You bump into the rock wall.
You feel sick.
The kobold brigand throws a poisoned dart.
The poisoned dart hits you.
You are more poisoned.
You feel your anger nearly subside.
You feel less invigorated.
You feel less confused.
You are no longer berserk.
You are exhausted.
You feel yourself slow down.
* * * LOW HITPOINT WARNING * * *
You feel sick.
You see here an atropa-tipped dart.
Okay, then.
Throw: 7 darts (atropa)
Press: ? - help, Q - select action, (/) - cycle Shift-Dir - straight line, f/p - kobold brigand
Aim: a kobold brigand, wielding a +1 dagger of venom and quivering poisoned darts (heavily wounded, 53% to hit, chance to blind on hit: 51%)
You throw an atropa-tipped dart.
The atropa-tipped dart barely misses the kobold brigand.
* * * LOW HITPOINT WARNING * * *
You feel very sick.
The kobold brigand hits you with a +1 dagger of venom!
You die...

.####≈≈≈###..........#####
#.##
..≈≈≈≈≈≈≈≈######...###
#..# #.#≈≈≈≈≈≈≈≈≈# ######
#..# #.###≈≈≈#### ##...##
#..# #.# #.### ##....(##
#..# #.# #.# ##.......#
#..## ..#
#.########..$.....## #....
#.# #............K.....#
##.## #.#
#########..#@.###.$ ...#
...........# #####
######.###.# #.# #.. #.#
... .## ### #.# ##.### ##
#.. #.# #.#.. ..# #.. #.#
..#.# ###..# ##.. #.#
#.#.# #....# #...


You could see a kobold brigand.

Vanquished Creatures
  A necrophage (D:4)
  2 kobold brigands
  A howler monkey (D:4)
  A centaur skeleton (D:4)
  Terence (D:2)
  An adder (D:2)
  3 river rats (Sewer)
  2 worms (D:3)
  A dart slug (D:3)
  An orc (D:3)
  6 ball pythons
  5 bats
  3 endoplasms
  7 giant cockroaches
  9 goblins
  11 hobgoblins
  11 jackals
  6 quokkas
  3 frilled lizards
  16 kobolds
  8 rats
99 creatures vanquished.

Vanquished Creatures (others)
  257 foxfires
257 creatures vanquished.

Grand Total: 356 creatures vanquished

Notes
Turn   | Place    | Note
-------+----------+-------------------------------------------
     0 | D:1      | Conn the Octopode Fire Elementalist began the quest for the
                  | Orb.
     0 | D:1      | Reached XP level 1. HP: 11/11 MP: 3/3
   281 | D:1      | Reached XP level 2. HP: 14/17 MP: 0/5
   933 | D:1      | Found a faded altar of an unknown god.
   937 | D:1      | Reached XP level 3. HP: 21/21 MP: 1/6
  1271 | D:2      | Noticed Terence
  1277 | D:2      | Learned a level 3 spell: Conjure Flame
  1293 | D:2      | Killed Terence
  1413 | D:2      | Reached XP level 4. HP: 27/27 MP: 3/7
  2105 | D:2      | Reached skill level 4 in Fire Magic
  2727 | D:3      | Found a blossoming altar of Fedhas.
  2860 | D:4      | Reached XP level 5. HP: 25/31 MP: 9/9
  3279 | D:4      | Found a glowing drain.
  3294 | Sewer    | Entered a sewer
  3431 | Sewer    | Noticed a kobold brigand
  3437 | Sewer    | Killed a kobold brigand
  3438 | Sewer    | Reached XP level 6. HP: 37/37 MP: 4/11
  3512 | Sewer    | Found a glowing silver altar of Zin.
  3595 | D:4      | Noticed a necrophage
  3604 | D:4      | Killed a necrophage
  3956 | D:4      | Reached XP level 7. HP: 42/42 MP: 8/12
  4044 | D:4      | HP: 2/42 [poisoned by a kobold brigand]
  4050 | D:4      | Slain by a kobold brigand

Illustrated notes

Levels and vault maps discovered:
D:1:      amcnicky_arrival_blooded_trapdoor, layout_basic,
          chequers_ecumenical_altar_simple, minmay_hexomino_f4
D:2:      layout_basic, uniq_terence
D:3:      layout_rooms, lemuel_coloured_pillars_altar, minmay_misc_feat_plants
D:4:      cheibrodos_thug_alley, layout_loops_ring, gup_sewer_entry_pipe

Skill      XL: |  1  2  3  4  5 |
---------------+----------------+-----
Fire Magic     | 4 |  4.9
Stealth        | 3 |  3.6
Spellcasting   | 3 |  3.8
Conjurations   | 2 3 |  3.4
Fighting       | |  0.5
Short Blades   | |  0.9
Dodging        | |  2.7

Action                   |  1- 3 |  4- 6 |  7- 9 || total
-------------------------+-------+-------+-------++-------
Melee: Dagger            |    17 |    42 |     5 ||    64
       Constrict         |     4 |    10 |     1 ||    15
       Tentacles         |     3 |    13 |     3 ||    19
Throw: Dart              |       |       |     2 ||     2
 Cast: Foxfire           |    48 |   102 |     1 ||   151
  Use: Potion            |     1 |     1 |     4 ||     6
       Scroll            |       |     2 |       ||     2
 Stab: Sleeping          |     1 |     4 |       ||     5
Armor: Skin              |     3 |     6 |       ||     9
Dodge: Dodged            |    21 |    44 |       ||    65

Table legend: (Time is in decaauts)
 A = Elapsed time spent in this place.
 B = Non-inter-level travel time spent in this place.
 C = Inter-level travel time spent in this place.
 D = Time resting spent in this place.
 E = Time spent auto-exploring this place.
 F = Levels seen in this place.
 G = Mean time per level.
                   A        B        C        D        E       F      G
               +--------+--------+--------+--------+--------+-----+--------+
         Total |   4046 |   3982 |     64 |    226 |   2672 |   5 |  809.2 |
       Dungeon |   3790 |   3726 |     64 |    226 |   2554 |   4 |  947.5 |
         Sewer |    256 |    256 |      0 |      0 |    118 |   1 |  256.0 |
               +--------+--------+--------+--------+--------+-----+--------+

Top non-repeatable levels by time:
     D:1: 1222 daAuts
     D:2: 1059 daAuts
     D:4: 1020 daAuts
     D:3: 487 daAuts
   Sewer: 256 daAuts
